 Dungeon Crawl Stone Soup version 0.18.1-6-gd335043 (webtiles) character file.

1016 Mefis the Magician (level 8, -2/41 HPs)
             Began as a Deep Elf Wizard on May 17, 2016.
             Was a Follower of Sif Muna.
             Slain by a gnoll
             ... wielding a +0 spear
              (8 damage)
             ... on level 5 of the Dungeon.
             The game lasted 00:15:38 (7801 turns).

Mefis the Magician (Deep Elf Wizard)                Turns: 7801, Time: 00:15:39

Health: -2/41      AC:  6    Str:  4    XL:     8   Next: 1%
Magic:  7/19       EV:  9    Int: 28    God:    Sif Muna [*.....]
Gold:   114        SH:  0    Dex: 13    Spells: 7 memorised, 4 levels left

rFire  . . .     SeeInvis .     C - +4 dagger (venom)
rCold  . . .     Gourm    .     a - +0 robe
rNeg   . . .     Faith    .     (no shield)
rPois  .         Spirit   .     b - +0 hat
rElec  .         Dismiss  .     (no cloak)
rCorr  .         Reflect  .     (no gloves)
SustAt .         Harm     .     I - +1 pair of boots "Pidysu More" {*Corrode +Blink +Fly}
MR     .....                    (no amulet)
Stlth  +++.......               G - +2 ring of intelligence
                                u - +2 ring of protection

@: repel missiles, not resistant to hostile enchantments, fairly stealthy
A: no striking features
a: Channel Energy, Renounce Religion, Evoke Blink, Evoke Flight


You were on level 5 of the Dungeon.
You worshipped Sif Muna.
Sif Muna was aware of your devotion.
You were not hungry.

You visited 2 branches of the dungeon, and saw 6 of its levels.

You collected 322 gold pieces.
You spent 208 gold pieces at shops.

Inventory:

Hand Weapons
 g - a +0 dagger
 i - a +0 hunting sling
 C - a +4 dagger of venom (weapon)
Missiles
 h - 47 arrows
 j - 44 sling bullets
 n - 5 needles of sleeping
 p - 14 poisoned needles
Armour
 a - a +0 robe (worn)
 b - a +0 hat (worn)
 I - the +1 pair of boots "Pidysu More" (worn) {*Corrode +Blink +Fly}
   (You found it on level 4 of the Dungeon)

   It lets you fly.
   It lets you blink.
   It may corrode you when you take damage.
Jewellery
 u - a +2 ring of protection (left hand)
 D - an uncursed ring of wizardry
 G - a +2 ring of intelligence (right hand)
 H - an uncursed amulet of faith {unknown}
Scrolls
 e - 7 scrolls of identify {unknown}
 f - 6 scrolls of remove curse
 o - a scroll of noise {unknown}
 v - a scroll of magic mapping {unknown}
 x - 3 scrolls of teleportation
 y - a scroll of recharging {unknown}
 A - a scroll of random uselessness {unknown}
 B - a scroll of fog {unknown}
 E - a scroll of blinking {unknown}
 F - a scroll of amnesia {unknown}
Potions
 k - 2 potions of cure mutation
 m - 2 potions of lignification
 q - 2 potions of curing {unknown}
 r - a potion of resistance {unknown}
 s - a potion of magic {unknown}
 t - 2 potions of mutation {unknown}
 w - 2 potions of berserk rage
 z - a potion of invisibility {unknown}
 K - a potion of degeneration
 L - a potion of agility
Books
 c - a book of Minor Magic

   Spells                             Type                      Level
   a - Magic Dart                     Conjuration                  1
   b - Blink                          Translocation                2
   c - Call Imp                       Summoning                    2
   d - Repel Missiles                 Charms/Air                   2
   e - Slow                           Hexes                        2
   f - Conjure Flame                  Conjuration/Fire             3
   g - Mephitic Cloud                 Conjuration/Poison/Air       3
Comestibles
 d - a bread ration
 l - 2 meat rations
 J - a beef jerky
 M - 3 chunks of flesh


   Skills:
 + Level 4.9 Dodging
 + Level 5.4 Stealth
 + Level 6.1 Spellcasting
 + Level 4.7 Conjurations
 + Level 1.6 Hexes
 + Level 3.2 Summonings
 - Level 1.1 Translocations
 + Level 2.9 Fire Magic
 + Level 2.9 Poison Magic


You had 4 spell levels left.
You knew the following spells:

 Your Spells              Type           Power        Failure   Level  Hunger
a - Magic Dart            Conj           ####         1%          1    None
b - Call Imp              Summ           ####....     2%          2    None
c - Blink                 Tloc           N/A          8%          2    None
d - Repel Missiles        Chrm/Air       #.....       10%         2    None
e - Mephitic Cloud        Conj/Pois/Air  ###.....     8%          3    None
f - Conjure Flame         Conj/Fire      ####....     4%          3    None
g - Slow                  Hex            ###.....     6%          2    None


Dungeon Overview and Level Annotations

Branches:
Dungeon (5/15)             Temple (1/1) D:4

Altars:
Cheibriados
Dithmenos
Elyvilon
Fedhas
Gozag
Kikubaaqudgha
Makhleb
Okawaru
Pakellas
Ru
Sif Muna
Trog
Vehumet
Xom
Yredelemnul
Zin

Shops:
D:5 *


Message History

The gnoll is engulfed in noxious fumes.
The gnoll appears confused.
The gnoll chortles and stares into space.
The gnoll is engulfed in noxious fumes.
The gnoll appears confused.
You see here a throwing net.
The gnoll is engulfed in noxious fumes.
The gnoll hits the gnoll with a halberd.
You feel a bit more experienced.
You hear a splash.
You have reached level 8!
You feel clever.
You feel a bit more experienced.
Your magical contamination has completely faded away.
You feel a bit more experienced.
You hear a splash.
You feel a bit more experienced. The gnoll barely misses you.
There is a stone staircase leading up here.
The gnoll shouts!
The gnoll hits you from afar with a spear!
You die...

.##.##.#[..###.#.#
.##.8.∩.8......#.#
.##.##)###.#####.##
.##.g.8g..........#
.##.#..###g########
.##.#### #.# .##.#
#.# ..#g#
#g########
#.#g######..g.g.@.#
#.#.#.......#######
..#g#.#####.# #.#.#
#.# #...# #.# ....#
..# ##.># ###
....... ≈≈≈≈≈≈≈≈≈


You could see 3 gnolls.

Vanquished Creatures
  A centaur (D:5)
  An ogre (D:4)
  A gnoll sergeant (D:5)
  A water moccasin zombie (D:5)
  A howler monkey (D:4)
  A giant frog skeleton (D:5)
  A centaur skeleton (D:4)
  3 orc wizards
  Jessica (D:3)
  A gnoll shaman (D:5)
  A worker ant (D:4)
  Robin (D:3)
  22 gnolls
  10 adders
  A howler monkey skeleton (D:4)
  A shadow imp (D:5)
  An ooze (D:3)
  An adder skeleton (D:4)
  3 worms
  A dart slug (D:2)
  4 giant geckos
  6 orcs
  10 bats
  2 giant cockroaches
  13 goblins
  12 hobgoblins
  14 jackals
  6 quokkas
  A giant newt (D:1)
  A jackal skeleton (D:4)
  8 kobolds
  7 rats
138 creatures vanquished.

Vanquished Creatures (collateral kills)
  An ogre (D:5)
  A worker ant zombie (D:5)
  An adder (D:3)
  A giant gecko (D:5)
  A goblin (D:3)
  A hobgoblin (D:3)
6 creatures vanquished.

Grand Total: 144 creatures vanquished

Notes
Turn   | Place    | Note
--------------------------------------------------------------
     0 | D:1      | Mefis the Deep Elf Wizard began the quest for the Orb.
     0 | D:1      | Reached XP level 1. HP: 10/10 MP: 7/7
   269 | D:1      | Reached XP level 2. HP: 3/15 MP: 1/9
   511 | D:1      | Learned a level 2 spell: Call Imp
   514 | D:1      | Learned a level 2 spell: Blink
   517 | D:1      | Learned a level 2 spell: Repel Missiles
   910 | D:1      | Reached XP level 3. HP: 19/19 MP: 6/11
   915 | D:1      | Learned a level 3 spell: Mephitic Cloud
  1754 | D:2      | Reached skill level 5 in Spellcasting
  1761 | D:2      | Reached XP level 4. HP: 20/24 MP: 2/13
  2394 | D:2      | Found an oddly glowing altar of Pakellas.
  3060 | D:2      | Reached skill level 1 in Poison Magic
  3582 | D:3      | Found a glowing silver altar of Zin.
  3677 | D:3      | Reached XP level 5. HP: 28/28 MP: 5/14
  3976 | D:3      | Noticed Robin
  3985 | D:3      | Killed Robin
  4017 | D:3      | HP: 2/42 [poisoned by an adder]
  4024 | D:3      | HP: 1/42 [poisoned by an adder]
  4391 | D:3      | Learned a level 3 spell: Conjure Flame
  4631 | D:3      | Noticed Jessica
  4634 | D:3      | Found a white marble altar of Elyvilon.
  4643 | D:3      | Killed Jessica
  5091 | D:4      | Reached skill level 1 in Fire Magic
  5326 | D:4      | Found a staircase to the Ecumenical Temple.
  5337 | Temple   | Entered the Ecumenical Temple
  5405 | Temple   | Became a worshipper of Sif Muna the Loreminder
  5608 | D:4      | Reached XP level 6. HP: 32/32 MP: 13/15
  5806 | D:4      | Got a pair of shimmering boots
  5812 | D:4      | Identified the +1 pair of boots "Pidysu More" {*Corrode +Blink +Fly} (You found it on level 4 of the Dungeon)
  6357 | D:4      | Reached XP level 7. HP: 29/36 MP: 5/17
  6440 | D:4      | Learned a level 2 spell: Slow
  6738 | D:5      | Entered Level 5 of the Dungeon
  6750 | D:5      | Found Viaguik's General Store.
  6755 | D:5      | Bought a scroll of remove curse for 39 gold pieces
  6755 | D:5      | Bought a scroll of teleportation for 39 gold pieces
  6755 | D:5      | Bought a potion of degeneration for 13 gold pieces
  6755 | D:5      | Bought a potion of agility for 52 gold pieces
  6755 | D:5      | Bought a potion of berserk rage for 65 gold pieces
  7187 | D:5      | Reached skill level 1 in Hexes
  7273 | D:5      | Reached * piety under Sif Muna
  7273 | D:5      | Reached skill level 6 in Spellcasting
  7364 | D:5      | Found a snail-covered altar of Cheibriados.
  7514 | D:5      | Reached skill level 5 in Stealth
  7761 | D:5      | HP: 1/36 [gnoll/spear (7)]
  7771 | D:5      | Reached XP level 8. HP: 2/41 MP: 2/19
  7801 | D:5      | Slain by a gnoll

Skill      XL: |  1  2  3  4  5  6  7 |
---------------+----------------------+-----
Conjurations   | 2 3 4 |  4.7
Dodging        | 3 4 |  4.9
Spellcasting   | 5 6 |  6.1
Stealth        | 3 4 5 |  5.4
Poison Magic   | 1 2 |  2.9
Summonings     | 2 3 |  3.2
Fire Magic     | 1 2 |  2.9
Hexes          | 1 |  1.6
Translocations | |  1.1

Action                   |  1- 3 |  4- 6 |  7- 9 || total
-------------------------+-------+-------+-------++-------
Melee: Dagger            |     9 |    38 |     8 ||    55
 Cast: Magic Dart        |    93 |   201 |    72 ||   366
       Repel Missiles    |       |     1 |     1 ||     2
       Mephitic Cloud    |       |     3 |    10 ||    13
       Call Imp          |       |     2 |     4 ||     6
       Conjure Flame     |       |       |     2 ||     2
  Use: Potion            |       |     2 |       ||     2
 Stab: Sleeping          |       |     4 |     1 ||     5
       Confused          |       |     2 |     2 ||     4
  Eat: Chunk             |     2 |    10 |       ||    12
       Bread ration      |       |     1 |     1 ||     2
Armor: Robe              |    14 |    22 |     9 ||    45
       Skin              |       |     3 |       ||     3
Dodge: Dodged            |    24 |    62 |    29 ||   115
       Deflected         |       |     2 |     1 ||     3
